 Dungeon Crawl Stone Soup version 0.28-a0-1555-g9ae15a6949 (webtiles) character file.

Game seed: 12414072862143653735

46 mordus the Shield-Bearer (level 3, -5/29 HPs)
             Began as a Formicid Fighter on Jan 18, 2022.
             Killed from afar by Sigmund (9 damage)
             ... with a puff of flame
             ... on level 2 of the Dungeon.
             The game lasted 00:01:14 (1631 turns).

mordus the Shield-Bearer (Formicid Fighter)         Turns: 1631, Time: 00:01:14

Health: -5/29      AC:  8    Str: 22    XL:     3   Next: 95%
Magic:  3/3        EV:  9    Int:  7    God:
Gold:   110        SH:  4    Dex: 10    Spells: 2/2 levels left

rFire   . . .      SeeInvis +   a - +0 long sword
rCold   . . .      Faith    .   c - +0 buckler
rNeg    . . .      Spirit   .   b - +0 scale mail
rPois   .          Reflect  .   (helmet unavailable)
rElec   .          Harm     .   (no cloak)
rCorr   .          Rampage  .   (no gloves)
Will    .....                   m - +0 pair of boots
Stlth   ..........              (no amulet)
HPRegen 0.09/turn               (no ring)
MPRegen 0.08/turn               (no ring)

@: no status effects
A: permanent stasis, dig shafts and tunnels, antennae 3, four strong arms
a: Dig, Shaft Self


You were on level 2 of the Dungeon.
You visited 1 branch of the dungeon, and saw 2 of its levels.

You collected 110 gold pieces.

Inventory:

Hand Weapons
 a - a +0 long sword (weapon)
Armour
 b - a +0 scale mail (worn)
 c - a +0 buckler (worn)
 m - a +0 pair of boots (worn)
Scrolls
 e - a scroll of teleportation {unknown}
 h - a scroll of identify {unknown}
 i - a scroll of fog {unknown}
 k - a scroll of blinking {unknown}
Potions
 d - a potion of might
 f - a potion of mutation {unknown}
 g - a potion of flight {unknown}
 j - a potion of haste {unknown}
 l - a potion of lignification {unknown}


   Skills:
 - Level 3.2 Fighting
 * Level 3.1 Long Blades
 + Level 3.7 Armour
 + Level 4.1 Shields


You had 2 spell levels left.
You didn't know any spells.
Your spell library contained the following spells:

 Spells                   Type           Power      Damage    Failure   Level
 Animate Skeleton         Necr           0%         N/A       82%         1
 Apportation              Tloc           0%         N/A       82%         1
 Summon Small Mammal      Summ           0%         N/A       82%         1


Dungeon Overview and Level Annotations

Branches:
Dungeon (2/15)

Altars:

Annotations:
D:2 Sigmund


Innate Abilities, Weirdness & Mutations

You cannot be hasted, slowed, berserked, paralysed or teleported.
You can dig through walls and to a lower floor.
You have a pair of large antennae on your head. (SInv)
Your four strong arms can wield two-handed weapons with a shield.


Message History

You closely miss Sigmund. Sigmund closely misses you.
You barely miss Sigmund. Sigmund barely misses you.
You barely miss Sigmund. You barely miss Sigmund.
Sigmund hits you but does no damage.
You barely miss Sigmund. Sigmund barely misses you.
You closely miss Sigmund. You block Sigmund's attack.
You hit Sigmund.
Sigmund is lightly wounded.
Sigmund barely misses you.
You closely miss Sigmund.
Sigmund is lightly wounded.
Sigmund gestures at you while chanting. The magic dart hits you.
You closely miss Sigmund.
Sigmund is lightly wounded.
Sigmund barely misses you.
You closely miss Sigmund.
Sigmund is lightly wounded.
Sigmund barely misses you.
You barely miss Sigmund.
Sigmund is lightly wounded.
You barely miss Sigmund.
Sigmund is lightly wounded.
Sigmund casts a spell at you. The puff of flame hits you.
Sigmund hits you with a +0 scythe.
You hit Sigmund.
Sigmund is lightly wounded.
You closely miss Sigmund.
Sigmund is lightly wounded.
Sigmund hits you with a +0 scythe!
You hit Sigmund but do no damage.
Sigmund is lightly wounded.
Sigmund gestures at you while chanting. The magic dart hits you!
* * * LOW HITPOINT WARNING * * *
You closely miss Sigmund.
Sigmund is lightly wounded.
Sigmund casts a spell at you. The puff of flame hits you!
You die...

##....#.....#
###.......###..
.#####........## ###
.....#.#..##### #
.......#..# #
#.##....### #.
#.##..#...## #.
#@#........... ...
###@#...##...######.
#.......# ....# #.
.........### #.#..#
## ##>..#...# .##.#
# #..#...#.. .. ..
### #.##.###[#. #.
... #. #. #.#..
#.#### . . #.. ..
#...## .# ##. ..#.
#..)


You could see Sigmund.

Vanquished Creatures
  A dart slug (D:2)
  8 ball pythons (D:1)
  6 endoplasms
  2 giant cockroaches (D:1)
  A goblin (D:1)
  5 hobgoblins
  2 jackals (D:2)
  A quokka (D:1)
  4 bats
  2 frilled lizards
  2 kobolds
  4 rats (D:1)
38 creatures vanquished.

Notes
Turn   | Place    | Note
-------+----------+-------------------------------------------
     0 | D:1      | mordus the Formicid Fighter began the quest for the Orb.
     0 | D:1      | Reached XP level 1. HP: 18/18 MP: 1/1
   239 | D:1      | Reached XP level 2. HP: 21/24 MP: 2/2
   693 | D:1      | Reached skill level 4 in Shields
   693 | D:1      | Reached XP level 3. HP: 25/29 MP: 3/3
  1609 | D:2      | Noticed Sigmund
  1631 | D:2      | Killed from afar by Sigmund

Illustrated notes

Levels and vault maps discovered:
D:1:      lemuel_arrival_rhombus, layout_basic
D:2:      layout_rooms, guppyfry_early_orc_mine, uniq_sigmund

Skill      XL: |  1  2  3 |
---------------+----------+-----
Shields        | 4 |  4.1
Long Blades    | 3 |  3.1
Fighting       | |  3.2
Armour         | |  3.7

Action                   || total
-------------------------++-------
Melee: Long sword        ||   125
Armor: Scale mail        ||    45
Dodge: Dodged            ||    53
Block: Buckler           ||    24

Table legend: (Time is in decaauts)
 A = Elapsed time spent in this place.
 B = Non-inter-level travel time spent in this place.
 C = Inter-level travel time spent in this place.
 D = Time resting spent in this place.
 E = Time spent auto-exploring this place.
 F = Levels seen in this place.
 G = Mean time per level.
                   A        B        C        D        E       F      G
               +--------+--------+--------+--------+--------+-----+--------+
         Total |   1667 |   1642 |     25 |      0 |   1327 |   2 |  833.5 |
       Dungeon |   1667 |   1642 |     25 |      0 |   1327 |   2 |  833.5 |
               +--------+--------+--------+--------+--------+-----+--------+

Top non-repeatable levels by time:
     D:1: 1294 daAuts
     D:2: 373 daAuts
